 Dungeon Crawl Stone Soup version 0.24.0-3-g28a8eb0610 (webtiles) character file.

Game seed: 11998742337222190298, levelgen mode: deterministic

31 Amplified the Sneak (level 3, 0/19 HPs)
             Began as a Kobold Ice Elementalist on Nov 1, 2019.
             Succumbed to an adder's poison
             ... on level 2 of the Dungeon.
             The game lasted 00:02:39 (1660 turns).

Amplified the Sneak (Kobold Ice Elementalist)       Turns: 1660, Time: 00:02:40

Health: 0/19       AC:  2    Str: 10    XL:     3   Next: 40%
Magic:  6/6        EV: 15    Int: 16    God:
Gold:   33         SH:  0    Dex: 16    Spells: 3/6 levels left

rFire    . . .     SeeInvis .   d - +0 short sword
rCold    + . .     Gourm    .   (shield restricted)
rNeg     . . .     Faith    .   a - +0 robe
rPois    .         Spirit   .   e - +0 hat
rElec    .         Reflect  .   (no cloak)
rCorr    .         Harm     .   (no gloves)
MR       .....                  (no boots)
Stlth    +++.......             (no amulet)
HPRegen  0.06/turn              i - ring of protection from cold
MPRegen  0.10/turn              (no ring)

@: mighty, lethally poisoned (0 -> -9), very slightly contaminated, invisible
A: small, carnivore
a: no special abilities


You were on level 2 of the Dungeon.
You were very full.

You visited 1 branch of the dungeon, and saw 2 of its levels.

You collected 33 gold pieces.

Inventory:

Hand Weapons
 d - a +0 short sword (weapon)
Missiles
 j - 2 silver boomerangs (quivered)
Armour
 a - a +0 robe (worn)
 e - a +0 hat (worn)
 f - a +0 ring mail
Jewellery
 i - a ring of protection from cold (left hand)
Scrolls
 b - 4 scrolls of identify
Comestibles
 c - 2 rations


   Skills:
 + Level 0.2 Fighting
 * Level 2.2 Short Blades
 - Level 2.4 Dodging
 * Level 4.1 Stealth
 - Level 2.1 Spellcasting
 + Level 1.0 Conjurations
 - Level 3.0 Ice Magic


You had 3 spell levels left.
You knew the following spells:

 Your Spells              Type           Power        Failure   Level  Hunger
a - Freeze                Ice            ##..         6%          1    #......
b - Throw Frost           Conj/Ice       #.....       14%         2    ###....

Your spell library contained the following spells:

 Spells                   Type           Power        Failure   Level  Hunger
 Ozocubu's Armour         Chrm/Ice       #.......     32%         3    ###....
 Throw Icicle             Conj/Ice       #.......     65%         4    #####..
 Summon Ice Beast         Ice/Summ       #.......     73%         4    #####..


Dungeon Overview and Level Annotations

Branches:
Dungeon (2/15)

Altars:


Innate Abilities, Weirdness & Mutations

You are small and have problems with some larger weapons.
You are carnivorous and can eat meat at any time.


Message History

Your Stealth skill increases to level 4!
* * * LOW HITPOINT WARNING * * *
You feel sick.
Unknown command.
Unknown command.
Okay, then.
Okay, then.
i - a ring of protection from cold (left hand)
Okay, then.
Okay, then.
Unknown command.
Unknown command.
You aren't carrying any potions.
Sorry, you're not good enough to have a special ability.
Unknown command.
Okay, then.
* * * LOW HITPOINT WARNING * * *
You feel sick.
Unknown command.
You die...

#...###
#.#>..#
#...#.#
#####.# #.#
#.#######
#.......#
#..####.#...
#.[.@†......
##.####.###.
#.# #.. ###


There were no monsters in sight!

Vanquished Creatures
  An adder (D:2)
  A leopard gecko (D:1)
  2 giant cockroaches (D:1)
  A goblin (D:1)
  2 hobgoblins (D:1)
  4 jackals (D:1)
  3 bats (D:1)
  3 kobolds
  3 rats (D:1)
20 creatures vanquished.

Notes
Turn   | Place    | Note
-------+----------+-------------------------------------------
     0 | D:1      | Amplified the Kobold Ice Elementalist began the quest for
                  | the Orb.
     0 | D:1      | Reached XP level 1. HP: 10/10 MP: 3/3
   245 | D:1      | Reached skill level 1 in Short Blades
   567 | D:1      | Reached XP level 2. HP: 15/15 MP: 1/5
   572 | D:1      | Reached skill level 3 in Stealth
   886 | D:1      | Learned a level 2 spell: Throw Frost
  1093 | D:1      | Reached XP level 3. HP: 19/19 MP: 6/6
  1657 | D:2      | Reached skill level 4 in Stealth
  1660 | D:2      | Succumbed to an adder's poison

Levels and vault maps discovered:
D:1:      saegor_arrival_miasma, layout_basic
D:2:      layout_loops_corners, fedhas_ov_isle_minmay, uniq_sigmund

Skill      XL: |  1  2  3 |
---------------+----------+-----
Short Blades   | 1 2 |  2.2
Stealth        | 3 4 |  4.1
Fighting       | |  0.2
Dodging        | |  2.4
Spellcasting   | |  2.1
Conjurations   | |  1.0
Ice Magic      | |  3.0

Action                   || total
-------------------------++-------
Melee: Short sword       ||    70
Throw: Boomerang         ||     1
 Cast: Freeze            ||    15
  Use: Potion            ||     3
       Scroll            ||     2
 Stab: Sleeping          ||     3
  Eat: Chunk             ||    10
Armor: Robe              ||    17
       Skin              ||    34
Dodge: Dodged            ||    52
